 Dungeon Crawl Stone Soup version 0.14.1-24-gbdbe590 (webtiles) character file.

3038 Schwarzlicht the Basher (level 9, -1/72 HPs)
             Began as a Human Fighter on June 27, 2014.
             Was a Believer of Okawaru.
             Slain by a basilisk (2 damage)
             ... on Level 1 of the Lair of Beasts on June 29, 2014.
             The game lasted 02:49:39 (9110 turns).

Schwarzlicht the Basher (Human Fighter)             Turns: 9110, Time: 02:49:39

HP  -1/72        AC 15     Str 19      XL: 9   Next: 97%
MP   9/9         EV  2     Int  8      God: Okawaru [**....]
Gold 330         SH  0     Dex 14      Spells:  0 memorised,  8 levels left

rFire  . . .     SeeInvis .     a - +3,-1 hammer (crush)
rCold  . . .     Clarity  .     E - +1 plate armour
rNeg   + + +     Conserve .     c - +0 shield
rPois  +         rCorr    .     (no helmet)
rElec  .         rRot     +     (no cloak)
SustAb . .       Spirit   .     (no gloves)
rMut   .         Warding  .     (no boots)
Saprov . . .     Stasis   .     (no amulet)
MR     .....                    l - ring of poison resistance
                                r - +1 ring of protection

@: petrified, not resistant to hostile enchantments, extremely unstealthy
A: no striking features
a: Heroism, Renounce Religion


You were on level 1 of the Lair of Beasts.
You worshipped Okawaru.
Okawaru was pleased with you.
You were not hungry.

You visited 3 branches of the dungeon, and saw 12 of its levels.

You collected 330 gold pieces.

Inventory:

Hand weapons
 a - a +3,-1 hammer of crushing (weapon)
 b - a +0,+0 sling
 i - a +0,+0 sling
 w - a +0,+0 long sword
 x - a +0,+0 hammer
 A - a +4,-2 mace of protection
 R - a +0,+1 whip of flaming
Missiles
 t - 12 sling bullets
 v - 10 darts (quivered)
 y - 39 poisoned needles
Armour
 c - a +0 shield (worn)
 E - a +1 plate armour (worn)
 S - a +2 robe of cold resistance
Magical devices
 m - a wand of enslavement (2)
 L - a wand of magic darts (1)
 O - a wand of magic darts (9)
 Q - a wand of paralysis (0)
Comestibles
 I - a bread ration
 P - a meat ration
Scrolls
 e - a scroll of enchant armour
 f - a scroll of magic mapping
 j - 2 scrolls of teleportation
 k - 5 scrolls of remove curse
Jewellery
 h - an uncursed ring of magical power
 l - a ring of poison resistance (right hand)
 o - an uncursed ring of protection from magic
 r - a +1 ring of protection (left hand)
 u - an uncursed ring of sustain abilities
 B - an uncursed ring of protection from magic
 F - an uncursed ring of see invisible
 M - an uncursed ring of regeneration
Potions
 d - 3 potions of magic {unknown}
 p - a potion of restore abilities
 q - a potion of paralysis
 s - 3 potions of heal wounds {unknown}
 D - 2 potions of curing
 J - a potion of might
 N - a potion of resistance {unknown}
Books
 K - a book of Necromancy

   Spells                             Type                      Level
   Pain                               Necromancy                   1
   Animate Skeleton                   Necromancy                   1
   Lethal Infusion                    Charms/Necromancy            2
   Vampiric Draining                  Necromancy                   3
   Regeneration                       Charms/Necromancy            3
   Animate Dead                       Necromancy                   4
   Control Undead                     Necromancy                   4


   Skills:
 + Level 7.1 Fighting
 - Level 2.8 Long Blades
 * Level 8.5 Maces & Flails
 + Level 7.1 Armour
 - Level 1.2 Dodging
 - Level 3.6 Shields


You had 8 spell levels left.
You didn't know any spells.

Dungeon Overview and Level Annotations

Branches:
Dungeon (10/15)            Temple (1/1) D:6            Lair (1/8) D:8
    Orc: D:9-12

Altars:
Ashenzari
Cheibriados
Dithmenos
Elyvilon
Fedhas
Kikubaaqudgha
Makhleb
Nemelex Xobeh
Okawaru
Sif Muna
Trog
Vehumet
Xom
Yredelemnul
Zin
The Shining One

Annotations:
D:3 Crazy Yiuf, Grinder, Sigmund
D:9 Grum


Message History

* * * LOW HITPOINT WARNING * * *
The green rat bites you.
* * * LOW HITPOINT WARNING * * *
The green rat bites you but does no damage.
The basilisk gazes at you. You resist. The green rat bites you.
* * * LOW HITPOINT WARNING * * *
The green rat bites you but does no damage.
The green rat bites you.
* * * LOW HITPOINT WARNING * * *
The green rat bites you but does no damage.
The basilisk gazes at you. You resist. The green rat bites you.
* * * LOW HITPOINT WARNING * * *
The green rat bites you.
* * * LOW HITPOINT WARNING * * *
The green rat barely misses you.
The green rat bites you but does no damage.
The basilisk bites you.
You die...

.....>..#
....[....#
.........#
..........##
#.........f#
#.......<.#
#.........#
#....rrl..##
#.....@r...#
#.(....r..##
#.........#
.............
...............
.............
.........[.
......... ...


You could see a basilisk and 4 green rats.

Vanquished Creatures
  Pikel (D:8)
  A centaur (D:7)
  3 ice beasts
  2 ogres
  Blork the orc (D:7)
  4 giant slugs (D:8)
  3 giant frogs
  2 scorpions
  A giant frog zombie (D:8)
  4 crimson imps
  A giant frog skeleton (D:8)
  3 jellies
  4 hounds
  An iguana (D:4)
  6 orc wizards
  6 worker ants
  Ijyb (D:7)
  An ogre skeleton (D:5)
  Terence (D:2)
  10 adders
  2 green rats (D:8)
  2 orc skeletons
  2 shadow imps
  4 gnolls (D:8)
  4 worms
  An inept feature mimic (D:5)
  An iguana skeleton (D:4)
  A giant gecko (D:9)
  17 orcs
  12 bats
  3 giant cockroaches
  9 goblins
  13 hobgoblins
  24 jackals
  4 quokkas
  4 giant newts
  A hobgoblin zombie (D:6)
  10 kobolds
  A quokka zombie (D:7)
  16 rats
  2 ballistomycetes (D:6)
  A fungus (D:3)
  A plant (D:1)
191 creatures vanquished.

Vanquished Creatures (others)
  A slave (D:8)
  A giant spore (D:6)
2 creatures vanquished.

Grand Total: 193 creatures vanquished

Notes
Turn   | Place    | Note
--------------------------------------------------------------
     0 | D:1      | Schwarzlicht, the Human Fighter, began the quest for the Orb.
     0 | D:1      | Reached XP level 1. HP: 18/18 MP: 1/1
   294 | D:1      | Reached XP level 2. HP: 10/24 MP: 2/2
   696 | D:2      | Noticed Terence
   704 | D:2      | Killed Terence
   704 | D:2      | Reached XP level 3. HP: 22/29 MP: 3/3
   915 | D:2      | Reached XP level 4. HP: 27/35 MP: 4/4
  1357 | D:2      | Reached skill level 1 in Dodging
  1676 | D:3      | Noticed Crazy Yiuf
  2078 | D:3      | Reached XP level 5. HP: 38/41 MP: 5/5
  2097 | D:3      | Noticed Sigmund
  2685 | D:4      | Reached skill level 1 in Maces & Flails
  2718 | D:3      | Noticed Grinder
  3014 | D:4      | Reached skill level 4 in Armour
  3176 | D:4      | Reached XP level 6. HP: 48/48 MP: 6/6
  3609 | D:4      | Found a shimmering altar of Xom.
  3615 | D:5      | Entered Level 5 of the Dungeon
  3902 | D:5      | Reached XP level 7. HP: 36/54 MP: 7/7
  3962 | D:5      | Noticed an ice beast
  5060 | D:6      | Reached skill level 5 in Armour
  5071 | D:6      | Reached XP level 8. HP: 45/61 MP: 8/8
  5282 | D:6      | Reached skill level 5 in Maces & Flails
  5283 | D:6      | Reached skill level 5 in Fighting
  5915 | D:6      | Found a staircase to the Ecumenical Temple.
  5919 | Temple   | Entered the Ecumenical Temple
  5999 | Temple   | Became a worshipper of Warmaster Okawaru
  6130 | D:7      | Reached skill level 6 in Maces & Flails
  6145 | D:7      | Noticed Blork the orc
  6156 | D:7      | Killed Blork the orc
  6246 | D:7      | Found a sparkling altar of Nemelex Xobeh.
  6276 | D:7      | Found an ancient bone altar of Kikubaaqudgha.
  6439 | D:7      | Noticed Ijyb
  6468 | D:7      | Killed Ijyb
  6649 | D:7      | Reached XP level 9. HP: 51/69 MP: 9/9
  6913 | D:8      | Noticed Pikel
  6928 | D:8      | Paralysed by Pikel for 6 turns
  7217 | D:7      | Killed an ice beast
  7217 | D:7      | Acquired Okawaru's first power
  7217 | D:7      | Reached skill level 7 in Maces & Flails
  7299 | D:8      | Found a radiant altar of Vehumet.
  7345 | D:9      | Noticed Grum
  7584 | D:8      | Found a staircase to the Lair.
  7668 | D:8      | HP: 3/70 [giant slug (16)]
  8009 | D:8      | Found a basalt altar of Yredelemnul.
  8075 | D:10     | Entered Level 10 of the Dungeon
  8590 | Lair:1   | Entered Level 1 of the Lair of Beasts
  8690 | D:8      | Killed Pikel
  8690 | D:8      | Reached skill level 8 in Maces & Flails
  9108 | Lair:1   | HP: 3/72 [green rat (2)]
  9109 | Lair:1   | HP: 1/72 [green rat (2)]
  9110 | Lair:1   | Slain by a basilisk

Action                   |  1- 3 |  4- 6 |  7- 9 || total
-------------------------+-------+-------+-------++-------
Melee: Long sword        |    86 |    88 |       ||   174
       Hammer            |       |    43 |   678 ||   721
       Mace              |       |   153 |   186 ||   339
Throw: Dart              |       |     7 |    10 ||    17
Evoke: Wand              |       |     1 |     8 ||     9
  Use: Potion            |     1 |     1 |     5 ||     7
       Scroll            |     1 |     6 |    16 ||    23
